 Dungeon Crawl Stone Soup version 0.29.1-12-g30fa7ad0bf (webtiles) character file.

Game seed: 16943003050277722829

8692 Poussin the Cleaver (level 11, -6/133 HPs)
             Began as a Palentonga Berserker on Jan 18, 2023.
             Was a Priest of Trog.
             Mangled by a vampire mosquito (10 damage)
             ... on level 10 of the Dungeon.
             The game lasted 00:49:53 (16523 turns).

Poussin the Cleaver (Palentonga Berserker)         Turns: 16523, Time: 00:49:54

Health: -6/133     AC: 17    Str: 27    XL:     11   Next: 13%
Magic:  11/11      EV: 16    Int:  8    God:    Trog [***...]
Gold:   86         SH:  5    Dex: 15    Spells: 10/10 levels left

rFire   + . .      SeeInvis +   u - +7 great sword (freeze)
rCold   + . .      Faith    .   (shield currently unavailable)
rNeg    . . .      Spirit   .   Q - +2 robe
rPois   .          Reflect  +   j - +2 helmet {SInv}
rElec   .          Harm     .   h - scarf {rC+ rF+}
rCorr   .          Rampage  .   I - +0 pair of gloves
Will    ++...                   (no barding)
Stlth   ..........              N - amulet of reflection
HPRegen 1.32/turn               o - +6 ring of dexterity
MPRegen 0.12/turn               t - +4 ring of evasion

@: berserking (expiring), strong-willed, regenerating, curled up, very quick
A: large, rugged brown scales 3, see invisible, deformed body, roll 1, armoured
tail, reflexive curl
a: Rolling Charge, Renounce Religion, Berserk, Trog's Hand


You were on level 10 of the Dungeon.
You worshipped Trog.
Trog was most pleased with you.
You visited 2 branches of the dungeon, and saw 11 of its levels.

You collected 446 gold pieces.
You spent 360 gold pieces at shops.

Inventory:

Hand Weapons
 a - a +1 vorpal shortbow
 u - a +7 great sword of freezing (weapon)
 v - a +2 hand axe of electrocution
 P - a +1 halberd of flaming
Missiles
 r - 20 poisoned darts (quivered)
 A - 5 boomerangs
 H - 2 throwing nets
Armour
 h - a scarf of resistance (worn)
 j - a +2 helmet of see invisible (worn)
 I - a +0 pair of gloves (worn)
 Q - a +2 robe (worn)
Jewellery
 b - a ring of protection from fire
 o - a +6 ring of dexterity (left hand)
 t - a +4 ring of evasion (right hand)
 y - the ring "Edumoe" {Fire *Corrode rElec rN+ Will++}
   (You found it on level 4 of the Dungeon)

   [ring of fire]

   It enhances your fire magic.
   rF:        It protects you from fire.
   rC:        It makes you vulnerable to cold.
   rElec:     It insulates you from electricity.
   rN:        It protects you from negative energy.
   *Corrode:  It may corrode you when you take damage.
   Will:      It greatly increases your willpower.
 G - a ring of protection from fire
 L - a ring of willpower
 N - an amulet of reflection (around neck)
Wands
 m - a wand of mindburst (15)
 F - a wand of iceblast (13)
 O - a wand of charming (4)
Scrolls
 d - 5 scrolls of teleportation {unknown}
 k - 2 scrolls of identify {unknown}
 n - a scroll of noise {unknown}
 p - 2 scrolls of fog {unknown}
 q - a scroll of torment {unknown}
 s - a scroll of amnesia {unknown}
 x - 3 scrolls of poison {unknown}
 C - 2 scrolls of vulnerability {unknown}
 E - 3 scrolls of magic mapping {unknown}
 M - a scroll of blinking {unknown}
 R - a scroll of fear {unknown}
Potions
 c - 2 potions of ambrosia {unknown}
 e - 4 potions of berserk rage {unknown}
 f - 4 potions of mutation {unknown}
 g - a potion of lignification {unknown}
 i - 5 potions of degeneration {unknown}
 l - 3 potions of attraction {unknown}
 w - a potion of resistance {unknown}
 z - a potion of heal wounds {unknown}
 B - a potion of might {unknown}
 D - 3 potions of curing {unknown}
 J - 3 potions of haste {unknown}
 K - a potion of brilliance {unknown}


   Skills:
 + Level 7.6 Fighting
 + Level 3.6(6.1) Short Blades
 + Level 7.6(8.0) Long Blades
 + Level 9.0 Axes
 + Level 0.6 Ranged Weapons
 + Level 1.8 Armour
 + Level 6.1 Dodging
 + Level 5.1 Stealth
 + Level 1.7 Shields
 + Level 1.4 Evocations


You had 10 spell levels left.
You didn't know any spells.
Your spell library was empty.

Dungeon Overview and Level Annotations

Branches:
Dungeon (10/15)            Temple (0/1) D:4            Lair (1/5) D:9
    Orc: D:9-12

Altars:
Ashenzari
Cheibriados
Fedhas
Gozag
Nemelex Xobeh
Qazlal
Sif Muna
Uskayaw
Wu Jian
Xom

Shops:
D:8 =

Annotations:
D:7 3 runed translucent doors, exclusion: 3 doors, nullcheck's ghost, novice GnIE


Innate Abilities, Weirdness & Mutations

You are completely covered in rugged brown scales. (AC +3, +7% HP)
You have supernaturally acute eyesight. (SInv)
Armour fits poorly on your strangely shaped body.
You can roll at nearby foes to attack.
You have a long armoured tail.
You curl defensively after being hit. (AC +7*)


Message History

The vampire mosquito draws strength from your injuries!
The vampire mosquito bites you!
* * * LOW HITPOINT WARNING * * *
The vampire mosquito draws strength from your injuries!
The vampire mosquito bites you but does no damage.
You closely miss the vampire mosquito.
You block the vampire mosquito's attack.
The vampire mosquito misses you.
The vampire mosquito bites you but does no damage.
The vampire mosquito bites you!
* * * LOW HITPOINT WARNING * * *
The vampire mosquito draws strength from your injuries!
You miss the vampire mosquito.
The vampire mosquito completely misses you.
The vampire mosquito bites you but does no damage.
The vampire mosquito closely misses you. x2
The vampire mosquito barely misses you. x2
You block the vampire mosquito's attack.
The vampire mosquito closely misses you.
You barely miss the vampire mosquito. The vampire mosquito bites you.
* * * LOW HITPOINT WARNING * * *
The vampire mosquito draws strength from your injuries!
The vampire mosquito barely misses you. The vampire mosquito misses you.
You block the vampire mosquito's attack. x2
The vampire mosquito closely misses you.
You closely miss the vampire mosquito.
The vampire mosquito closely misses you.
The vampire mosquito bites you!
* * * LOW HITPOINT WARNING * * *
The vampire mosquito draws strength from your injuries!
The vampire mosquito closely misses you.
The vampire mosquito barely misses you.
The vampire mosquito closely misses you.
The vampire mosquito barely misses you.
You slash the vampire mosquito! You freeze the vampire mosquito!
The vampire mosquito is almost destroyed.
The vampire mosquito completely misses you.
The vampire mosquito bites you but does no damage.
The vampire mosquito bites you!
You die...

#...###### #.### #.#
##'########## # .
#...........# #.#### ..
#...........# #...)#...
#...........# #####.)..(
#......yy...###...))#...
#>.....@y...'...##### ..
+|......y...##### #
#...........#
#...........#
#############


You could see 4 vampire mosquitoes.

Vanquished Creatures
  Erica (D:9)
  Pikel (D:5)
  A cyclops (D:8)
  Grinder (D:4)
  Prince Ribbit (D:6)
  9 yaks
  2 steam dragons
  2 wargs (D:9)
  3 ice beasts
  3 orc warriors
  A sky beast (D:7)
  2 black bears
  3 ogres
  3 centaurs
  A phantom (D:4)
  2 bullfrogs (D:6)
  A gnoll sergeant (D:9)
  3 scorpions
  3 necrophages
  16 wights
  8 howler monkeys
  3 hounds
  4 orc priests
  A water moccasin simulacrum (D:4)
  2 jellies
  A gnoll bouda (D:10)
  Jessica (D:3)
  2 iguanas (D:5)
  Terence (D:3)
  4 orc wizards
  A bullfrog simulacrum (D:4)
  A scorpion simulacrum (D:4)
  18 gnolls
  11 adders
  A hound simulacrum (D:4)
  2 shadow imps
  4 white imps
  A howler monkey simulacrum (D:4)
  An ufetubus (D:5)
  2 worms
  The ghost of Sapher the Chiller, a weakling TrIE (D:4)
  A dart slug (D:3)
  2 adder simulacra (D:4)
  22 orcs
  8 endoplasms
  2 giant cockroaches
  7 goblins
  8 hobgoblins
  9 jackals
  9 kobolds
  A quokka (D:4)
  10 ball pythons
  2 bats (D:3)
  4 frilled lizards
  5 rats
  3 bushes (D:7)
222 creatures vanquished.

Vanquished Creatures (collateral kills)
  4 yaks (D:9)
  A centaur (D:7)
  2 wights (D:9)
  2 gnoll boudas
  2 orc wizards (D:7)
  4 gnolls (D:9)
  A white imp (D:7)
  An orc (D:7)
17 creatures vanquished.

Vanquished Creatures (others)
  A gnoll bouda (D:7)
  3 gnolls (D:7)
  An orc (D:7)
  6 fungi (D:7)
  8 plants
19 creatures vanquished.

Grand Total: 258 creatures vanquished

Notes
Turn   | Place    | Note
-------+----------+-------------------------------------------
     0 | D:1      | Poussin the Palentonga Berserker began the quest for the
                  | Orb.
     0 | D:1      | Reached XP level 1. HP: 19/19 MP: 1/1
   306 | D:1      | Reached XP level 2. HP: 25/25 MP: 2/2
   621 | D:1      | Reached ** piety under Trog
   901 | D:2      | Reached XP level 3. HP: 31/31 MP: 3/3
   901 | D:2      | Found a faded altar of an unknown god.
  1371 | D:2      | Identified the +2 dagger of Lokux {vorpal, rElec rPois
                  | Stlth+}
  1562 | D:2      | Reached XP level 4. HP: 28/37 MP: 4/4
  1566 | D:2      | Reached skill level 4 in Axes
  2257 | D:3      | Found a shimmering altar of Xom.
  2257 | D:3      | Found a shimmering altar of Xom.
  2267 | D:3      | Found a shimmering altar of Xom.
  2267 | D:3      | Found a shimmering altar of Xom.
  2270 | D:3      | Found a shimmering altar of Xom.
  2316 | D:3      | Found an ornate altar of the Wu Jian Council.
  2395 | D:3      | Reached XP level 5. HP: 39/44 MP: 5/5
  2460 | D:3      | Reached skill level 1 in Short Blades
  2473 | D:3      | Found a snail-covered altar of Cheibriados.
  2626 | D:3      | Found an opulent altar of Gozag.
  2657 | D:3      | Noticed Terence
  2691 | D:3      | Killed Terence
  4711 | D:3      | Found a sparkling altar of Nemelex Xobeh.
  4711 | D:3      | Found a broken altar of Ashenzari.
  4711 | D:3      | Noticed Jessica
  4717 | D:3      | Killed Jessica
  4718 | D:3      | Reached skill level 1 in Stealth
  4904 | D:4      | Reached XP level 6. HP: 46/51 MP: 6/6
  4942 | D:4      | Found a runed translucent gate.
  4942 | D:4      | Found a runed translucent gate.
  4942 | D:4      | Found a runed translucent gate.
  5060 | D:4      | Noticed Sapher's ghost (weakling TrIE)
  5180 | D:4      | Reached *** piety under Trog
  5384 | D:4      | Found a shimmering blue altar of Sif Muna.
  5438 | D:4      | Found a staircase to the Ecumenical Temple.
  5446 | D:4      | Gained mutation: You curl defensively after being hit. (AC
                  | +7*) [Palentonga growth]
  5446 | D:4      | Reached XP level 7. HP: 42/57 MP: 7/7
  5808 | D:4      | Noticed Grinder
  5837 | D:4      | Killed Grinder
  6247 | D:4      | Killed Sapher's ghost
  6323 | D:4      | Identified the ring "Edumoe" {Fire *Corrode rElec rN+
                  | Will++}
  6384 | D:5      | Entered Level 5 of the Dungeon
  6428 | D:5      | Reached skill level 5 in Axes
  6428 | D:5      | Reached XP level 8. HP: 60/65 MP: 8/8
  6955 | D:5      | Reached skill level 5 in Fighting
  7194 | D:5      | Noticed Pikel
  7212 | D:5      | Killed Pikel
  7213 | D:5      | Reached skill level 6 in Axes
  8158 | D:6      | Reached skill level 7 in Axes
  8158 | D:6      | Reached XP level 9. HP: 55/72 MP: 9/9
  8254 | D:6      | Noticed Prince Ribbit
  8271 | D:6      | Killed Prince Ribbit
  8781 | D:6      | Reached **** piety under Trog
  9335 | D:7      | Reached skill level 8 in Axes
  9435 | D:7      | Found a stormy altar of Qazlal.
  9441 | D:7      | Found a blossoming altar of Fedhas.
  9472 | D:7      | Reached skill level 5 in Dodging
  9876 | D:7      | Reached skill level 1 in Evocations
 10458 | D:7      | Found a runed translucent gate.
 10458 | D:7      | Found a runed translucent gate.
 10458 | D:7      | Found a runed translucent gate.
 10458 | D:7      | Noticed nullcheck's ghost (novice GnIE)
 10768 | D:8      | Reached skill level 9 in Axes
 10768 | D:8      | Reached XP level 10. HP: 82/82 MP: 10/10
 10923 | D:8      | Found Fyetimya's Jewellery Shop.
 10926 | D:8      | Bought an amulet of reflection for 360 gold pieces
 10999 | D:8      | Reached skill level 1 in Long Blades
 11833 | D:9      | Reached skill level 5 in Stealth
 11833 | D:9      | Reached skill level 1 in Shields
 11836 | D:9      | Noticed a cyclops
 11934 | D:8      | Killed a cyclops
 12050 | D:9      | Reached skill level 5 in Long Blades
 12467 | D:9      | Noticed a two-headed ogre
 13040 | D:9      | Noticed Erica
 13052 | D:9      | Killed Erica
 13504 | D:9      | Reached XP level 11. HP: 76/89 MP: 11/11
 14984 | D:9      | Found a staircase to the Lair.
 15401 | D:9      | Found a hide-covered altar of Uskayaw.
 15607 | Lair:1   | Entered Level 1 of the Lair of Beasts
 16420 | D:10     | Entered Level 10 of the Dungeon
 16522 | D:10     | HP: 3/133 [vampire mosquito (7)]
 16523 | D:10     | Mangled by a vampire mosquito

Illustrated notes

Levels and vault maps discovered:
D:1:      nzn_arrival_water_spiral, layout_basic
D:2:      layout_rooms, basic_ecumenical_altar
D:3:      layout_basic, old_standard_altar, xom_redecorated,
          gammafunk_temple_overflow_pools, mainiacjoe_overflow_large_starburst,
          hex_intersection, kennysheep_generic_room_8, uniq_terence,
          uniq_jessica
D:4:      cheibrodos_old_hovel, layout_gridville,
          nicolae_sif_muna_little_library, minmay_temple_entry_proselytizer,
          gammafunk_ghost_icy, uniq_grinder
D:5:      layout_basic, serial_bayou_pond_a, uniq_pikel
D:6:      layout_basic, uniq_prince_ribbit1
D:7:      layout_gridville, grunt_temple_overflow_forces_of_nature,
          ebering_ghost_rock_garden
D:8:      layout_basic, serial_shops, shop
D:9:      minmay_weird_star, layout_irregular_city,
          nicolae_uskayaw_murder_on_the_dancefloor, erik_lair_orcish_takeover,
          minmay_misc_feat_pillars, hangedman_abyss_or_decor_stabs, uniq_erica
D:10:     layout_roguey, nicolae_overflow_hidden_temple,
          yredelemnul_altar_generic, enter_bailey_3, minmay_crystal_water,
          eino_tiny_chamber, uniq_grum, uniq_joseph
Lair:1:   layout_gridlike, wad_woods_03, infiniplex_staircase_pool, uniq_amaemon

Skill      XL: |  1  2  3  4  5  6  7  8  9 10 |
---------------+-------------------------------+-----
Dodging        | 2 3 4 5 6 |  6.1
Axes           | 4 5 7 9 |  9.0
Short Blades   | 2 3 |  3.6
Stealth        | 1 2 3 4 5 |  5.1
Fighting       | 4 5 6 7 |  7.6
Evocations     | 1 |  1.4
Long Blades    | 7 |  7.6
Shields        | 1 |  1.7
Ranged Weapons | |  0.6
Armour         | |  1.8

Action                   |  1- 3 |  4- 6 |  7- 9 | 10-12 || total
-------------------------+-------+-------+-------+-------++-------
Melee: Hand axe          |    75 |    13 |   254 |       ||   342
       Tailslap          |     6 |    24 |    45 |    22 ||    97
       Dagger            |    24 |   166 |       |       ||   190
       Punch             |       |     1 |     5 |       ||     6
       Great sword       |       |       |    11 |   148 ||   159
 Fire: Shortbow          |       |       |       |    48 ||    48
Invok: Berserk           |       |     1 |       |     3 ||     4
       Trog's Hand       |       |     1 |       |     4 ||     5
       Brothers in Arms  |       |       |       |     2 ||     2
Evoke: Wand              |       |       |    13 |       ||    13
 Stab: Sleeping          |     1 |    12 |    10 |     4 ||    27
       Distracted        |       |     1 |       |       ||     1
Armor: Animal skin       |    42 |    34 |       |       ||    76
       Robe              |       |    43 |    47 |    57 ||   147
Dodge: Dodged            |    39 |    93 |   168 |   209 ||   509
Block: Other             |       |       |       |    70 ||    70
       Reflection        |       |       |       |     3 ||     3
